 Dungeon Crawl Stone Soup version 0.23.2-40-g277498a001 (webtiles) character file.

Game seed: 2416359012102187249

348 Jazzman the Covered (level 6, -2/55 HPs)
             Began as a Minotaur Fighter on Sept 29, 2019.
             Was an Initiate of the Shining One.
             Killed by divine providence
             ... invoked by an orc priest
              (12 damage)
             ... on level 4 of the Dungeon.
             The game lasted 00:55:59 (3772 turns).

Jazzman the Covered (Minotaur Fighter)              Turns: 3772, Time: 00:56:00

Health: -2/55      AC: 10    Str: 31    XL:     6   Next: 33%
Magic:  5/5        EV:  8    Int:  5    God:    the Shining One [......]
Gold:   98         SH: 10    Dex: 11    Spells: 5/5 levels left

rFire    . . .     SeeInvis .   F - +0 trident
rCold    . . .     Gourm    .   c - +0 shield
rNeg     . . .     Faith    .   b - +0 scale mail
rPois    .         Spirit   .   (helmet restricted)
rElec    .         Reflect  .   (no cloak)
rCorr    .         Harm     .   (no gloves)
MR       .....                  s - +2 pair of boots
Stlth    ..........             (no amulet)
HPRegen  0.18/turn              k - +3 ring of strength
MPRegen  0.09/turn              h - +2 ring of dexterity

@: mighty, glowing
A: retaliatory headbutt, horns 2
a: Renounce Religion


You were on level 4 of the Dungeon.
You worshipped the Shining One.
The Shining One was noncommittal.
You were not hungry.

You visited 1 branch of the dungeon, and saw 4 of its levels.

You collected 98 gold pieces.

Inventory:

Hand Weapons
 a - a +0 war axe
 p - a +2 dagger of venom
 B - a +0 flail
 F - a +0 trident (weapon)
 J - a +0 mace
 O - a +0 falchion
Missiles
 o - 31 stones (quivered)
 r - 7 poisoned tomahawks
 u - 39 arrows
 A - 39 bolts
 C - 31 sling bullets
 M - 5 needles of sleeping
Armour
 b - a +0 scale mail (worn)
 c - a +0 shield (worn)
 m - a +0 leather armour
 q - a +0 leather armour
 s - a +2 pair of boots (worn)
 y - a +0 robe
 z - a +0 ring mail
 H - a +0 scale mail
 K - a +0 helmet
Jewellery
 h - a +2 ring of dexterity (right hand)
 i - an uncursed ring of fire
 k - a +3 ring of strength (left hand)
Scrolls
 e - 4 scrolls of remove curse
 n - a scroll of amnesia
 t - a scroll of magic mapping {unknown}
 w - a scroll of identify
 E - a scroll of fear
 I - 2 scrolls of immolation
 L - a scroll of teleportation {unknown}
Potions
 g - a potion of magic {unknown}
 j - a potion of agility {unknown}
 l - a potion of lignification {unknown}
 v - a potion of curing {unknown}
 N - a potion of brilliance {unknown}
Comestibles
 f - 4 rations


   Skills:
 * Level 4.8 Fighting
 * Level 1.3 Long Blades
 + Level 3.5(4.2) Axes
 * Level 3.5(4.2) Polearms
 * Level 5.0 Armour
 + Level 1.2 Dodging
 - Level 1.8 Stealth
 - Level 3.9 Shields


You had 5 spell levels left.
You didn't know any spells.
Your spell library was empty.

Dungeon Overview and Level Annotations

Branches:
Dungeon (4/15)
 Temple: D:4-7

Altars:
Elyvilon
Hepliaklqana
Xom
Zin
The Shining One


Innate Abilities, Weirdness & Mutations

You reflexively headbutt those who attack you in melee.
You have a pair of horns on your head.


Message History

You block the orc's attack.
You closely miss the orc. Your headbutt misses the orc.
The orc is moderately wounded.
The orc hits you from afar with a +0 trident.
The orc barely misses you. You furiously retaliate!
You headbutt the orc.
You kill the orc!
You block the orc's attack.
The orc priest calls down the wrath of Beogh upon you.
Beogh smites you!
* * * LOW HITPOINT WARNING * * *
Found a stone staircase leading down.
Things that are here:
a +0 trident; an orc corpse You puncture the orc!
You kill the orc!
You hit the orc priest.
The orc priest is lightly wounded.
The orc priest mumbles some strange prayers to Beogh against you.
Beogh smites you!
You die...

.>..# ...# ...#
..# ## ..# #. #.#
#. #o# #. #@# #.
#)# #. #)# #. #.#
#.
#.###############.
#.................
##################


You could see an orc priest.

Vanquished Creatures
  A scorpion (D:4)
  An orc priest (D:3)
  Jessica (D:3)
  Natasha (twice) (D:2)
  A worker ant (D:4)
  An orc wizard (D:3)
  Terence (D:2)
  Robin (D:2)
  5 adders
  A worm (D:3)
  A dart slug (D:1)
  5 orcs
  2 giant cockroaches
  11 goblins
  7 hobgoblins
  2 quokkas (D:4)
  6 bats
  4 frilled lizards
  2 kobolds
  6 rats
61 creatures vanquished.

Notes
Turn   | Place    | Note
-------+----------+-------------------------------------------
     0 | D:1      | Jazzman the Minotaur Fighter began the quest for the Orb.
     0 | D:1      | Reached XP level 1. HP: 19/19 MP: 0/0
   505 | D:1      | Reached XP level 2. HP: 26/27 MP: 1/1
  1485 | D:2      | Reached XP level 3. HP: 33/33 MP: 2/2
  1540 | D:2      | Reached skill level 4 in Armour
  1544 | D:2      | Noticed Terence
  1554 | D:2      | Killed Terence
  1554 | D:2      | Reached skill level 1 in Stealth
  1609 | D:2      | Found a hazy altar of Hepliaklqana.
  1753 | D:2      | Noticed Robin
  1952 | D:2      | Noticed Natasha
  1968 | D:2      | Killed Natasha
  1968 | D:2      | Reached skill level 1 in Polearms
  1968 | D:2      | Reached XP level 4. HP: 40/40 MP: 3/3
  2166 | D:2      | Killed Robin
  2166 | D:2      | Reached skill level 1 in Dodging
  2253 | D:2      | Noticed Natasha
  2256 | D:2      | Killed Natasha
  2256 | D:2      | Reached XP level 5. HP: 47/47 MP: 4/4
  2687 | D:3      | Noticed Jessica
  2690 | D:3      | Killed Jessica
  2690 | D:3      | Reached skill level 1 in Long Blades
  2746 | D:3      | Found a shimmering altar of Xom.
  3341 | D:4      | Found a white marble altar of Elyvilon.
  3341 | D:4      | Found a glowing silver altar of Zin.
  3341 | D:4      | Found a glowing golden altar of the Shining One.
  3362 | D:4      | Became a worshipper of the Shining One
  3468 | D:4      | Reached XP level 6. HP: 50/53 MP: 5/5
  3757 | D:4      | Reached skill level 5 in Armour
  3772 | D:4      | Killed from afar by an orc priest

Skill      XL: |  1  2  3  4  5  6 |
---------------+-------------------+-----
Fighting       | 4 |  4.8
Axes           | 3 |  3.5
Armour         | 4 5 |  5.0
Stealth        | 1 |  1.8
Polearms       | 1 2 3 |  3.5
Dodging        | 1 |  1.2
Long Blades    | 1 |  1.3
Shields        | |  3.9

Action                   |  1- 3 |  4- 6 || total
-------------------------+-------+-------++-------
Melee: War axe           |    49 |       ||    49
       Headbutt          |    11 |    13 ||    24
       Spear             |    16 |       ||    16
       Trident           |     3 |    39 ||    42
       Dagger            |       |    38 ||    38
  Use: Scroll            |     6 |     1 ||     7
       Potion            |       |     1 ||     1
  Eat: Ration            |     1 |     1 ||     2
       Chunk             |       |     2 ||     2
Armor: Scale mail        |    30 |    20 ||    50
Dodge: Dodged            |    22 |    18 ||    40
Block: Shield            |    30 |    30 ||    60
